 Dungeon Crawl Stone Soup version 0.30-a0-390-g80c34de65d (webtiles) character file.

Game seed: 7307855574514934431

143068 qeuew the Executioner (level 17, -2/154 HPs)
             Began as a Hill Orc Fighter on Dec 5, 2022.
             Was an Elder of Trog.
             Slain by a merfolk impaler
             ... wielding a +2 trident of venom
              (18 damage)
             ... on level 4 of the Shoals.
             The game lasted 00:55:57 (20291 turns).

qeuew the Executioner (Hill Orc Fighter)           Turns: 20291, Time: 00:56:00

Health: -2/154     AC: 32    Str: 31    XL:     17   Next: 36%
Magic:  17/17      EV: 11    Int:  6    God:    Trog [****..]
Gold:   371        SH: 21    Dex: 18    Spells: 16/16 levels left

rFire   . . .      SeeInvis +    x - +7 broad axe of Trog's Regard {vorpal, Will+}
rCold   + + .      Faith    .    K - +2 tower shield of Ramegi {Dex+2}
rNeg    . . .      Spirit   .    J - +11 plate armour "Byrchaur" {+Inv}
rPois   .          Reflect  .    f - +2 hat
rElec   +          Harm     +    (no cloak)
rCorr   .          Rampage  .    F - +2 pair of gloves {Stlth+}
Will    ++++.                    y - +2 pair of boots "Sym Ana" {Harm rElec Str+6}
Stlth   ..........               B - amulet of regeneration
HPRegen 3.05/turn                D - ring of Tuibunt {*Corrode rElec rC++ Dex+2 SInv}
MPRegen 0.15/turn                h - +4 ring of slaying

@: lethally poisoned (-2 -> -2), strong-willed, corroded, on berserk cooldown,
regenerating, slowed, very slow
A: horns 1, thin skeletal structure 1, dopey 1, regeneration 1
a: Renounce Religion, Evoke Invisibility, Berserk, Trog's Hand, Brothers in Arms


You were on level 4 of the Shoals.
You worshipped Trog.
Trog was greatly pleased with you.
You visited 6 branches of the dungeon, and saw 27 of its levels.
You visited the Abyss 1 time.

You collected 2761 gold pieces.
You spent 2390 gold pieces at shops.

Inventory:

Hand Weapons
 a - a +0 war axe of venom
 x - the +7 broad axe of Trog's Regard (weapon) {vorpal, Will+}
   (Trog gifted it to you on level 5 of the Lair of Beasts)

   It inflicts extra damage upon your enemies.
   Will:      It increases your willpower.
Missiles
 c - a throwing net
Armour
 f - a +2 hat (worn)
 y - the +2 pair of boots "Sym Ana" (worn) {Harm rElec Str+6}
   (You bought it in a shop on level 2 of the Dungeon)

   Str:       It affects your strength (+6).
   rElec:     It insulates you from electricity.
   Harm:      It increases damage dealt and taken.
 F - a +2 pair of gloves of stealth (worn)
 J - the +11 plate armour "Byrchaur" (worn) {+Inv}
   (You bought it in a shop on level 12 of the Dungeon)

   +Inv:      It lets you turn invisible.
 K - the +2 tower shield of Ramegi (worn) {Dex+2}
   (You bought it in a shop on level 12 of the Dungeon)

   Dex:       It affects your dexterity (+2).
Jewellery
 h - a +4 ring of slaying (right hand)
 B - an amulet of regeneration (around neck)
 D - the ring of Tuibunt (left hand) {*Corrode rElec rC++ Dex+2 SInv}
   (You found it on level 5 of the Lair of Beasts)

   [ring of see invisible]

   Dex:       It affects your dexterity (+2).
   rC:        It greatly protects you from cold.
   rElec:     It insulates you from electricity.
   SInv:      It lets you see invisible.
   *Corrode:  It may corrode you when you take damage.
Wands
 i - a wand of charming (26) (quivered)
 o - a wand of flame (27)
 p - a wand of quicksilver (12)
 w - a wand of digging (1)
 E - a wand of roots (12)
Scrolls
 j - 3 scrolls of teleportation
 k - 2 scrolls of enchant armour
 u - 10 scrolls of identify
 A - a scroll of silence
 G - a scroll of enchant weapon
 H - a scroll of magic mapping
Potions
 d - 5 potions of might
 e - 3 potions of curing
 g - 9 potions of flight
 l - 7 potions of magic
 n - 3 potions of mutation
 s - 3 potions of resistance
 t - a potion of invisibility
 v - 4 potions of haste
 z - a potion of heal wounds
 C - a potion of ambrosia


   Skills:
 + Level 14.6 Fighting
 * Level 21.1 Axes
 + Level 13.5 Armour
 + Level 10.2 Dodging
 + Level 13.5 Shields
 + Level 12.0 Evocations


You had 16 spell levels left.
You didn't know any spells.
Your spell library contained the following spells:

 Spells                   Type           Power      Damage    Failure   Level
 Magic Dart               Conj           0%         1d3       100%        1
 Call Imp                 Summ           0%         N/A       100%        2
 Mephitic Cloud           Conj/Pois/Air  0%         N/A       100%        3
 Malign Gateway           Summ/Tloc      0%         N/A       100%        7
 Summon Horrible Things   Summ           0%         N/A       100%        8


Dungeon Overview and Level Annotations

Branches:
Dungeon (13/15)            Temple (1/1) D:6            Lair (5/5) D:9
 Shoals (4/4) Lair:2       Spider (2/4) Lair:2        Slime (0/5) Lair:5
    Orc (2/2) D:9             Elf (0/3) Orc:2
 Vaults: D:13-14

Altars:
Ashenzari
Cheibriados
Fedhas
Gozag
Hepliaklqana
Kikubaaqudgha
Makhleb
Nemelex Xobeh
Okawaru
Qazlal
Ru
Sif Muna
Trog
Uskayaw
Vehumet
Xom
The Shining One
Beogh
Jiyva

Shops:
D:2 [[?   D:7 !   D:12 [[(![   Orc:2 ?[!(*   Shoals:1 *=   Shoals:3 :

Portals:
Trove: D:12 (give +3 gold dragon scales)

Annotations:
D:9 1 runed translucent door, Nyo's ghost, novice GnHu
Lair:1 3 runed translucent doors, Couria's ghost, journeyman SpVM
Shoals:1 exclusion: 2 oklob plants
Shoals:4 1 runed translucent door, exclusion: oklob plant


Innate Abilities, Weirdness & Mutations

You have a pair of small horns on your head.
You have a somewhat thin skeletal structure. (Dex +2, Stealth+)
You are dopey. (Int -2)
Your natural rate of healing is unusually fast.


Message History

You are more poisoned.
The merfolk impaler hits you but does no damage.
The merfolk impaler misses you.
The merfolk impaler hits you but does no damage. x3
You are more poisoned.
Your skin crawls.
You feel strong-willed.
You feel extremely sick. You block the merfolk impaler's attack.
The merfolk impaler hits you from afar with a +1 vorpal trident.
* * * LOW HITPOINT WARNING * * *
x2 The merfolk impaler hits you with a +2 trident of venom.
* * * LOW HITPOINT WARNING * * *
You are more poisoned.
You block the merfolk impaler's attack.
You feel better.
Your butterfly disappears in a burst of colours!
You block the merfolk impaler's attack. The merfolk impaler barely misses you.
You block the merfolk impaler's attack.
The merfolk impaler hits you but does no damage. x2
The merfolk impaler hits you from afar with a +1 vorpal trident.
* * * LOW HITPOINT WARNING * * *
x2 Your corrosive artefact corrodes you!
You barely miss the merfolk impaler. You headbutt the merfolk impaler.
The merfolk impaler is severely wounded.
Your butterfly disappears in a burst of colours!
The merfolk impaler hits you with a +2 trident of venom!
* * * LOW HITPOINT WARNING * * *
You are poisoned.
The merfolk impaler hits you from afar with a +1 vorpal trident!
* * * LOW HITPOINT WARNING * * *
x2 You block the merfolk impaler's attack. x2
You closely miss the merfolk impaler.
Your headbutt misses the merfolk impaler.
The merfolk impaler is severely wounded.
You feel very sick.
Your butterfly disappears in a burst of colours!
You block the merfolk impaler's attack.
The merfolk impaler hits you with a +2 trident of venom!
You die...

.............÷....)......~..~~≈
...............~.P......PP~PP≈≈
.....#..#####...P.......PPPP≈≈
.....#### ##.......<...PPP≈≈
.....# ######†##...PPP≈ .....#
#.###.##...~PP≈ .~..## ###
#....†..[..~~~≈ ....#
##.######).......~~~≈≈ ...##
#...##))m@)........~~≈ ...#
#.....†)))†.........~≈ ...#
##.<...)m.......P....~≈
..#####..)..~.........P.P..
..###mm.~÷~~~~........PP...
)##.m.H.~~~~~~............
....m~H~~~~~~~...........
~~..~~~~~~~~~...........
~~tt~~~~~~~.......#####


You could see 2 merfolk impalers.

Vanquished Creatures
  2 bone dragons (Abyss:3)
  A lich (Abyss:3)
  Jorgrun (Orc:2)
  Polyphemus (Shoals:3)
  Kirke (Shoals:3)
  4 dire elephants (Lair:5)
  The ghost of cowcol the Cleaver, a journeyman DrBe of Trog (Lair:4)
  2 merfolk javelineers
  5 merfolk impalers
  Fannar (Lair:1)
  A radroach (Spider:1)
  2 hydras (Lair:5)
  A merfolk avatar (Shoals:2)
  A centaur warrior (Shoals:3)
  2 alligator snapping turtles
  An anaconda (Abyss:4)
  5 merfolk aquamancers
  2 catoblepae
  A two-headed ogre (D:11)
  A satyr (Shoals:3)
  18 death yaks
  A hell hog (Abyss:4)
  2 spectral dire elephants (Lair:5)
  4 orc high priests
  A shock serpent (Abyss:4)
  A soul eater (Abyss:4)
  A sun demon (Abyss:4)
  Sonja (D:10)
  2 spectral death yaks (Lair:5)
  Amaemon (D:9)
  3 pharaoh ants
  Lodul (D:10)
  A spectral anaconda (Lair:5)
  13 sea snakes
  An orb spider (Spider:1)
  A steelbarb worm (Spider:1)
  2 large abominations (Abyss:3)
  7 harpies
  An obsidian statue (Lair:5)
  A deep elf pyromancer (Abyss:4)
  3 necromancers (Lair:5)
  5 wolf spiders
  6 orc knights (Orc:2)
  A cyclops (Lair:2)
  3 orc sorcerers (Orc:2)
  12 manticores
  8 fauns
  2 ugly things
  10 merfolk sirens
  A moth of wrath (Lair:5)
  5 black mambas
  4 elephants (Lair:5)
  2 water nymphs (Shoals:3)
  An orange demon (D:9)
  5 cane toads
  3 gargoyles
  A torpor snail (Lair:5)
  3 rime drakes
  2 unseen horrors (D:12)
  Maggie (Lair:2)
  A yaktaur (D:12)
  3 kobold demonologists
  6 komodo dragons
  6 trolls
  A demonic crawler (Spider:1)
  A burning bush (Lair:2)
  2 hornets (Abyss:4)
  2 polar bears
  3 wind drakes
  17 merfolk
  6 slime creatures (D:12)
  A tyrant leech (Abyss:4)
  5 tarantellas
  24 blink frogs
  4 dream sheep
  9 snapping turtles
  3 spectral elephants (Lair:5)
  4 jumping spiders
  An air elemental (Abyss:4)
  3 shadows
  2 spriggans (Abyss:4)
  A wraith (D:12)
  6 culicivoras
  44 yaks
  6 water elementals
  4 wyverns
  A ynoxinul (Abyss:3)
  4 hogs (Shoals:3)
  A steam dragon (D:7)
  Grum (Lair:1)
  3 basilisks
  8 redbacks
  An acid dragon (D:12)
  A death yak simulacrum (Lair:5)
  2 swamp worms (Lair:5)
  4 wargs
  Duvessa (D:7)
  16 water moccasins
  3 ice beasts (D:7)
  24 orc warriors
  An elephant zombie (Lair:5)
  A black bear (shapeshifter) (D:12)
  A black bear (D:5)
  15 ogres
  20 wolves
  An elephant skeleton (Lair:5)
  4 centaurs
  2 phantoms (D:9)
  6 kobold brigands
  10 bullfrogs
  A gnoll sergeant (D:9)
  A small abomination (Abyss:3)
  2 necrophages
  A scorpion (D:6)
  Dowan (D:7)
  An elephant simulacrum (Lair:5)
  18 killer bees
  3 troll zombies (D:9)
  11 howler monkeys
  6 electric eels
  A jelly (D:6)
  A quasit (Abyss:3)
  7 hounds
  20 orc priests
  2 gnoll boudas
  Jessica (D:2)
  5 iguanas
  17 orc wizards
  5 ogre zombies (D:9)
  10 adders
  6 gnolls
  11 river rats (D:5)
  3 white imps
  An ufetubus (D:6)
  2 worms (D:2)
  A dart slug (D:1)
  76 orcs
  11 ball pythons
  4 endoplasms
  3 giant cockroaches
  4 goblins
  10 quokkas
  3 bats
  3 frilled lizards
  A goblin skeleton (D:9)
  A goblin zombie (D:9)
  A hobgoblin skeleton (D:9)
  4 hobgoblin zombies (D:9)
  31 kobolds
  7 orc skeletons (D:9)
  11 orc zombies (D:9)
  28 rats
  A spectral kobold (D:4)
  3 starspawn tentacles (Shoals:3)
  A withered plant (Lair:5)
814 creatures vanquished.

Vanquished Creatures (collateral kills)
  Mlioglotl (Shoals:3)
  A frost giant (Shoals:4)
  An ophan (Abyss:3)
  A starcursed mass (Abyss:3)
  A merfolk impaler (Shoals:4)
  A merfolk javelineer (Shoals:4)
  An anaconda (Abyss:4)
  2 orc high priests (Orc:2)
  2 manticores (Shoals:4)
  3 merfolk sirens
  A demonic crawler (Spider:1)
  2 merfolk (Shoals:4)
  A tarantella (Spider:1)
  A redback (Spider:1)
  A large abomination (Abyss:3)
  6 orc warriors (Orc:2)
  9 orc priests (Orc:2)
  7 orcs (Orc:2)
42 creatures vanquished.

Vanquished Creatures (others)
  Ilsuiw (Shoals:3)
  A boulder beetle (Spider:1)
  A faun (Shoals:2)
  A raiju (Abyss:3)
  13 fungi
  53 plants
  17 withered plants (Lair:5)
87 creatures vanquished.

Grand Total: 943 creatures vanquished

Notes
Turn   | Place    | Note
-------+----------+-------------------------------------------
     0 | D:1      | qeuew the Hill Orc Fighter began the quest for the Orb.
     0 | D:1      | Reached XP level 1. HP: 19/19 MP: 1/1
   184 | D:1      | Reached skill level 3 in Axes
   206 | D:1      | Reached XP level 2. HP: 26/27 MP: 2/2
   577 | D:1      | Reached XP level 3. HP: 33/33 MP: 3/3
   965 | D:2      | Noticed Jessica
   969 | D:2      | Killed Jessica
   970 | D:2      | Reached skill level 4 in Axes
   970 | D:2      | Reached skill level 1 in Dodging
   970 | D:2      | Reached XP level 4. HP: 40/40 MP: 4/4
   973 | D:2      | Found Zod Alag's Armour Boutique.
  1053 | D:2      | Found a glowing golden altar of the Shining One.
  1101 | D:2      | Found Urchy's Antique Armour Boutique.
  1126 | D:2      | Found Roibent's Magic Scroll Emporium.
  1279 | D:2      | Gained mutation: Your natural rate of healing is unusually
                  | fast. [potion of mutation]
  1279 | D:2      | Gained mutation: You have a somewhat thin skeletal
                  | structure. (Dex +2, Stealth+) [potion of mutation]
  1279 | D:2      | Gained mutation: You are dopey. (Int -2) [potion of
                  | mutation]
  1279 | D:2      | Gained mutation: You have a pair of small horns on your
                  | head. [potion of mutation]
  1784 | D:4      | Reached XP level 5. HP: 46/46 MP: 5/5
  1818 | D:4      | Found a hazy altar of Hepliaklqana.
  2166 | D:4      | Reached skill level 1 in Evocations
  2281 | D:5      | Entered Level 5 of the Dungeon
  2289 | D:5      | Reached skill level 5 in Axes
  2289 | D:5      | Reached XP level 6. HP: 47/53 MP: 6/6
  2440 | D:5      | Noticed a black bear
  2447 | D:5      | Killed a black bear
  2448 | D:5      | Reached XP level 7. HP: 58/60 MP: 7/7
  2906 | D:5      | Reached skill level 6 in Axes
  2925 | D:5      | Reached skill level 5 in Fighting
  3145 | D:6      | Reached skill level 5 in Armour
  3145 | D:6      | Reached XP level 8. HP: 66/68 MP: 8/8
  3279 | D:6      | Reached skill level 7 in Axes
  3279 | D:6      | Reached skill level 5 in Shields
  3434 | D:6      | Found a staircase to the Ecumenical Temple.
  3450 | Temple   | Entered the Ecumenical Temple
  3461 | Temple   | Became a worshipper of Trog the Wrathful
  4249 | D:7      | Noticed Duvessa
  4249 | D:7      | Noticed Dowan
  4257 | D:7      | Killed Duvessa
  4271 | D:7      | Killed Dowan
  4272 | D:7      | Reached skill level 8 in Axes
  4302 | D:7      | Reached XP level 9. HP: 35/75 MP: 9/9
  4502 | D:7      | Identified the +1 leather armour of Supple Strength
                  | {Rampage rF+}
  4658 | D:7      | Found a blossoming altar of Fedhas.
  4886 | D:7      | Found Kes Reess's Distillery.
  4912 | D:7      | Reached * piety under Trog
  4990 | D:7      | Reached skill level 9 in Axes
  5398 | D:8      | Reached ** piety under Trog
  5680 | D:8      | Identified the +4 ring mail of the Evening {Rampage rF+
                  | rCorr Int-5}
  5866 | D:9      | Found a staircase to the Orcish Mines.
  5871 | D:9      | Noticed a white ugly thing
  5873 | D:9      | Noticed a troll
  5894 | D:9      | Reached skill level 10 in Axes
  5896 | D:9      | Reached XP level 10. HP: 76/86 MP: 10/10
  5961 | D:9      | Reached *** piety under Trog
  5966 | D:9      | HP: 3/86 [white ugly thing (18)]
  5968 | D:9      | Killed a white ugly thing
  5997 | D:9      | Reached skill level 5 in Evocations
  6082 | D:9      | Noticed an orange demon
  6083 | D:9      | Noticed Amaemon
  6098 | D:9      | Killed an orange demon
  6142 | D:9      | Killed Amaemon
  6143 | D:9      | Reached skill level 11 in Axes
  6220 | D:9      | Found a runed translucent door.
  6221 | D:9      | Noticed Nyo's ghost (novice GnHu)
  6223 | D:9      | Identified the +6 trident "Mies Wou" {freeze, rPois rC+
                  | Str+5 Dex-4}
  6253 | D:9      | Found a shimmering blue altar of Sif Muna.
  6263 | D:9      | Found a burning altar of Makhleb.
  6263 | D:9      | Found a sparkling altar of Nemelex Xobeh.
  6266 | D:9      | Found a shimmering altar of Xom.
  6357 | D:9      | Found a staircase to the Lair.
  6382 | D:9      | HP: 3/88 [troll (8)]
  6511 | D:9      | Reached skill level 5 in Dodging
  6521 | D:9      | Reached XP level 11. HP: 84/94 MP: 11/11
  6922 | Lair:1   | Entered Level 1 of the Lair of Beasts
  6945 | Lair:1   | Reached skill level 12 in Axes
  7226 | Lair:1   | Noticed a catoblepas
  7239 | Lair:1   | Killed a catoblepas
  7292 | Lair:1   | HP: 7/142 [black mamba (11)]
  7297 | Lair:1   | HP: 7/142 [poisoned by a black mamba]
  7427 | Lair:1   | Noticed Grum
  7434 | Lair:1   | Killed Grum
  7456 | Lair:1   | Reached **** piety under Trog
  7459 | Lair:1   | Reached skill level 13 in Axes
  7472 | Lair:1   | Found a runed translucent gate.
  7474 | Lair:1   | Found a runed translucent gate.
  7475 | Lair:1   | Found a runed translucent gate.
  7476 | Lair:1   | Noticed a 12-headed hydra
  7476 | Lair:1   | Noticed Couria's ghost (journeyman SpVM)
  7630 | Lair:1   | Noticed Fannar
  7651 | Lair:1   | Killed Fannar
  8116 | Lair:2   | Reached XP level 12. HP: 90/104 MP: 12/12
  8320 | Lair:2   | Found a hole to the Spider Nest.
  8413 | Lair:2   | Noticed Maggie
  8423 | Lair:2   | Killed Maggie
  8605 | Lair:2   | Found a staircase to the Shoals.
  9352 | D:2      | Bought the +2 pair of boots "Sym Ana" {Harm rElec Str+6}
                  | for 534 gold pieces
  9703 | Lair:3   | Reached skill level 14 in Axes
  9862 | Lair:3   | Reached skill level 10 in Fighting
 10671 | Lair:4   | Noticed a death yak
 10672 | Lair:4   | Noticed a death yak
 10674 | Lair:4   | Noticed a death yak
 10675 | Lair:4   | Noticed a death yak
 10679 | Lair:4   | Killed a death yak
 10679 | Lair:4   | Reached ***** piety under Trog
 10687 | Lair:4   | Killed a death yak
 10688 | Lair:4   | Killed a death yak
 10692 | Lair:4   | Killed a death yak
 10693 | Lair:4   | Reached skill level 15 in Axes
 10693 | Lair:4   | Reached XP level 13. HP: 114/114 MP: 13/13
 10754 | Lair:4   | Identified the +9 glaive of Eternity {speed, rElec rC+
                  | Str-5 Int+2}
 11223 | Lair:4   | Reached skill level 10 in Shields
 11226 | Lair:4   | Reached skill level 10 in Armour
 11391 | Lair:4   | Found a runed translucent gate.
 11391 | Lair:4   | Found a runed translucent gate.
 11391 | Lair:4   | Found a runed translucent gate.
 11393 | Lair:4   | Noticed cowcol's ghost (journeyman DrBe)
 11546 | Lair:4   | Killed cowcol's ghost
 11556 | Lair:5   | Entered Level 5 of the Lair of Beasts
 11605 | Lair:4   | HP: 5/116 [wyvern (12)]
 11894 | Lair:5   | Reached skill level 16 in Axes
 11986 | Lair:5   | Found a viscous altar of Jiyva.
 11989 | Lair:5   | Found a staircase to the Slime Pits.
 12067 | Lair:5   | Identified the +7 broad axe of Trog's Regard {vorpal,
                  | Will+} (Trog gifted it to you on level 5 of the Lair of
                  | Beasts)
 12067 | Lair:5   | Received a gift from Trog
 12236 | Lair:5   | Reached XP level 14. HP: 116/124 MP: 14/14
 12416 | Lair:5   | Noticed a dire elephant
 12416 | Lair:5   | Noticed a dire elephant
 12417 | Lair:5   | Noticed a dire elephant
 12417 | Lair:5   | Noticed a dire elephant
 12426 | Lair:5   | Killed a dire elephant
 12699 | Lair:5   | Identified the ring of Tuibunt {*Corrode rElec rC++ Dex+2
                  | SInv}
 12746 | Lair:5   | Killed a dire elephant
 12747 | Lair:5   | Killed a dire elephant
 12751 | Lair:5   | Killed a dire elephant
 12752 | Lair:5   | Reached skill level 17 in Axes
 13397 | Spider:1 | Entered Level 1 of the Spider Nest
 14140 | Shoals:1 | Entered Level 1 of the Shoals
 14174 | Lair:2   | Reached skill level 18 in Axes
 14179 | Lair:2   | Received a gift from Trog
 14231 | Lair:2   | Reached XP level 15. HP: 110/134 MP: 15/15
 14260 | Shoals:1 | HP: 3/134 [snapping turtle (16)]
 14270 | Shoals:1 | Reached skill level 10 in Evocations
 14451 | D:10     | Entered Level 10 of the Dungeon
 14746 | D:10     | Noticed Lodul
 14754 | D:10     | Killed Lodul
 14787 | D:10     | Noticed Sonja
 14790 | D:10     | Killed Sonja
 15236 | Orc:1    | Entered Level 1 of the Orcish Mines
 15464 | Orc:2    | Entered Level 2 of the Orcish Mines
 15507 | Orc:2    | Found a staircase to the Elven Halls.
 15760 | Orc:2    | Received a gift from Trog
 15825 | Orc:2    | Found Vitzoow's Distillery.
 15828 | Orc:2    | Found Oxareonnap's Antique Weapon Shoppe.
 15829 | Orc:2    | Found Tyohow's Armour Emporium.
 15830 | Orc:2    | Found Riest's Assorted Antiques.
 15834 | Orc:2    | Bought a buzzing broad axe for 189 gold pieces
 15834 | Orc:2    | Identified the +10 broad axe of Cehoablu {venom, rPois
                  | Will+ Int-5} (You bought it in a shop on level 2 of the
                  | Orcish Mines)
 15838 | Orc:2    | Bought a potion of curing for 33 gold pieces
 15838 | Orc:2    | Bought a potion of might for 44 gold pieces
 15838 | Orc:2    | Bought a potion of haste for 110 gold pieces
 15838 | Orc:2    | Bought a potion of heal wounds for 55 gold pieces
 15910 | Orc:2    | Found Sahuyz's Magic Scroll Shoppe.
 15920 | Orc:2    | Found a roughly hewn altar of Beogh.
 15932 | Orc:2    | Noticed Jorgrun
 15938 | Orc:2    | Killed Jorgrun
 16493 | D:11     | You fall into a shaft and drop 2 floors!
 16517 | D:12     | Found Somaoc's Distillery.
 16532 | D:12     | Bought a potion of heal wounds for 65 gold pieces
 16532 | D:12     | Bought a potion of heal wounds for 65 gold pieces
 16547 | D:11     | Reached skill level 19 in Axes
 16929 | D:12     | Found Agerohach's Antique Armour Shop.
 16939 | D:12     | Reached ****** piety under Trog
 16939 | D:12     | Received a gift from Trog
 16955 | D:12     | Bought a fine plate armour for 896 gold pieces
 16955 | D:12     | Identified the +11 plate armour "Byrchaur" {+Inv} (You
                  | bought it in a shop on level 12 of the Dungeon)
 16975 | D:12     | Found Piabin's Weapon Emporium.
 17269 | D:12     | Found Biunoxis's Antique Armour Shop.
 17278 | D:12     | Bought a pair of runed gloves for 142 gold pieces
 17359 | D:12     | Found a portal to a secret trove of treasure.
 17440 | D:12     | Found Arerph's Armour Emporium.
 17448 | D:12     | Bought the +2 tower shield of Ramegi {Dex+2} for 257 gold
                  | pieces
 17486 | D:12     | Identified the ring "Cein" {Wiz +Blink Will++ Int+3 Dex-4}
 17799 | Shoals:1 | Found Februc's Jewellery Emporium.
 17874 | Shoals:1 | Found Laoha's Luxury Loot.
 18322 | Shoals:2 | Reached XP level 16. HP: 126/144 MP: 16/16
 18700 | Abyss:3  | Cast into level 3 of the Abyss (merfolk impaler)
 18735 | Abyss:3  | Noticed a bone dragon
 18745 | Abyss:3  | Killed a bone dragon
 18777 | Abyss:3  | Noticed a lich
 18784 | Abyss:3  | Killed a lich
 18832 | Abyss:3  | Noticed a tentacled starspawn
 18942 | Abyss:3  | Noticed a bone dragon
 18953 | Abyss:3  | Killed a bone dragon
 18981 | Abyss:3  | Noticed a tentacled starspawn
 19003 | Abyss:4  | Reached skill level 20 in Axes
 19005 | Abyss:4  | Paralysed by an air elemental for 1 turns
 19022 | Shoals:2 | Escaped the Abyss
 19182 | Shoals:3 | Found Ijento's Book Boutique.
 19358 | Shoals:3 | Noticed Mlioglotl
 19362 | Shoals:3 | Noticed Ilsuiw
 19363 | Shoals:3 | Noticed a tentacled starspawn
 19373 | Shoals:3 | Killed Mlioglotl
 19401 | Shoals:3 | Killed Ilsuiw
 19490 | Shoals:3 | Noticed Polyphemus
 19532 | Shoals:3 | Killed Polyphemus
 19615 | Shoals:3 | Noticed Kirke
 19625 | Shoals:3 | Killed Kirke
 19816 | Shoals:3 | Reached skill level 10 in Dodging
 19840 | Shoals:3 | Reached XP level 17. HP: 148/152 MP: 17/17
 19925 | Shoals:4 | Entered Level 4 of the Shoals
 19929 | Shoals:4 | Received a gift from Trog
 19949 | Shoals:4 | Found a runed translucent door.
 19965 | Shoals:4 | Found a snail-covered altar of Cheibriados.
 20256 | Shoals:4 | Reached skill level 21 in Axes
 20285 | Shoals:4 | HP: 6/154 [merfolk impaler/+2 trident of venom (10)]
 20291 | Shoals:4 | Slain by a merfolk impaler

Illustrated notes

Levels and vault maps discovered:
D:1:      spicycebolla_arrival_ecumenical, layout_basic, minmay_misc_feat_cross,
          hex_tiny
D:2:      layout_rooms, serial_shops, shop, shop, shop, basic_altar,
          uniq_jessica
D:3:      layout_rooms, kennysheep_generic_room_10
D:4:      layout_cave_pools, nicolae_hepliaklqana_monster_ancestors
D:5:      lemuel_ratsnest, layout_loops_ring
D:6:      layout_basic, minmay_temple_entry_junction
D:7:      layout_loops_corners, mainiacjoe_overflow_brackets, serial_shops,
          shop, hangedman_abyss_or_decor_passed, uniq_duvessa
D:8:      layout_basic
D:9:      layout_big_octagon, minitemple, erik_lair_island, zombieorc2_lemuel,
          ebering_ghost_funeral_grove, uniq_amaemon
D:10:     layout_grid_maze, uniq_lodul, uniq_sonja
D:11:     layout_rooms
D:12:     layout_cave_pools, serial_shops, nicolae_shop_hallway_stairs,
          nicolae_shop_statue_plus, nicolae_shop_trees,
          nicolae_shop_advertising_works [nicolae_subvault_shop_adworks], shop,
          trove_entry_hex_spiral, minivault_10, minmay_checkerbox
D:13:     nzn_winding_woodlands_medium [nzn_winding_woodlands_5x5_open_star,
          nzn_winding_woodlands_5x15_twine, nzn_winding_woodlands_5x5_default,
          nzn_winding_woodlands_5x5_default,
          nzn_winding_woodlands_center_diamonds,
          nzn_winding_woodlands_5x5_three,
          nzn_winding_woodlands_5x5_checkerboard,
          nzn_winding_woodlands_5x15_parted, nzn_winding_woodlands_5x5_cross],
          layout_gridville, david_vaults_4
Temple:   compressed_dpeg_triangle_lava_temple
Lair:1:   layout_regular_city, gammafunk_ghost_hydra_chop, st_stairs_11,
          serial_bayou_pond_d, uniq_fannar, uniq_grum
Lair:2:   layout_chaotic_city, elwin_shoals_entry_rooms,
          hellmonk_spider_entry_life_and_decay, evilmike_ambush
          [evilmike_ambush_outer_pillars, evilmike_ambush_inner_pond],
          uniq_maggie
Lair:3:   layout_cave_pods
Lair:4:   layout_cave_pods, ebering_ghost_rock_garden,
          eino_small_chamber_without_monster, nicolae_quartered_pool_medium
Lair:5:   due_jungle_book, layout_long_grid, slime_entry_1, worms_lemuel
Shoals:1: layout_shoals, serial_shops, shop, nicolae_alphabet_shops,
          nicolae_shoals_this_corrosion
Shoals:2: layout_shoals, nicolae_shoals_mertower
Shoals:3: layout_shoals, serial_shops, shop, uniq_polyphemus, uniq_kirke,
          uniq_ilsuiw, uniq_mlioglotl
Shoals:4: shoals_end_grunt_ice, layout_shoals, ebering_ghost_reflecting_pool,
          lemuel_oklob_altar
Spider:1: layout_spider_delve
Spider:2: nicolae_spider_jumping_over_cracks [nicolae_spider_jumping_sub_rim,
          nicolae_spider_jumping_sub_moat, nicolae_spider_jumping_sub_moat,
          nicolae_spider_jumping_sub_lanes],
          portal_ice_cave_entry_ice_simulacra, nicolae_spider_not_touching_you
Orc:1:    layout_diamond_mine, serial_shops
Orc:2:    st_orc_pillars, layout_diamond_mine, basic_altar, serial_shops,
          nicolae_shop_statue_plus, uniq_jorgrun

Skill      XL: |  1  2  3  4  5  6  7  8  9 10 11 12 13 14 15 16 17 |
---------------+----------------------------------------------------+-----
Axes           | 3 4 5 6 8 10 11 13 15 16 18 19 20 21 | 21.1
Fighting       | 4 5 6 7 8 9 10 11 12 13 14 | 14.6
Dodging        | 1 2 3 4 5 6 7 8 9 10 | 10.2
Armour         | 4 5 6 7 8 9 10 11 12 13 | 13.5
Shields        | 4 5 6 7 8 9 10 11 12 13 | 13.5
Evocations     | 1 2 3 4 5 6 7 9 10 11 12 | 12.0

Action                   |  1- 3 |  4- 6 |  7- 9 | 10-12 | 13-15 | 16-18 || total
-------------------------+-------+-------+-------+-------+-------+-------++-------
Melee: War axe           |    86 |   118 |   301 |   446 |   134 |       ||  1085
       Headbutt          |       |    15 |    60 |   116 |   157 |    70 ||   418
       Broad axe         |       |       |       |       |   541 |   330 ||   871
Invok: Berserk           |       |       |       |     5 |     6 |     6 ||    17
       Trog's Hand       |       |       |       |     2 |     3 |     4 ||     9
       Brothers in Arms  |       |       |       |       |     2 |    11 ||    13
Evoke: Wand              |       |       |       |     3 |     6 |    42 ||    51
  Use: Scroll            |     6 |     3 |     6 |     6 |     5 |     9 ||    35
       Potion            |     4 |     1 |     1 |     1 |     5 |     8 ||    20
 Stab: Sleeping          |       |       |     1 |     1 |       |       ||     2
       Distracted        |       |       |       |       |       |     2 ||     2
Armor: Scale mail        |    43 |    56 |    65 |    71 |    82 |       ||   317
       Plate armour      |       |       |       |       |   190 |   250 ||   440
Dodge: Dodged            |    55 |    51 |   152 |   326 |   374 |   135 ||  1093
Block: Buckler           |    16 |    27 |    57 |   132 |   191 |       ||   423
       Tower shield      |       |       |       |       |    68 |   458 ||   526

Table legend: (Time is in decaauts)
 A = Elapsed time spent in this place.
 B = Non-inter-level travel time spent in this place.
 C = Inter-level travel time spent in this place.
 D = Time resting spent in this place.
 E = Time spent auto-exploring this place.
 F = Levels seen in this place.
 G = Mean time per level.
                   A        B        C        D        E       F      G
               +--------+--------+--------+--------+--------+-----+--------+
         Total |  20606 |  18612 |   1994 |    548 |  13804 |  29 |  710.6 |
       Dungeon |   9510 |   8408 |   1102 |      0 |   6686 |  13 |  731.5 |
        Temple |     19 |     12 |      7 |      0 |      0 |   1 |   19.0 |
          Lair |   6417 |   5847 |    570 |    333 |   4487 |   5 | 1283.4 |
        Shoals |   2462 |   2325 |    137 |    162 |   1364 |   4 |  615.5 |
   Spider Nest |    682 |    646 |     36 |     53 |    453 |   2 |  341.0 |
  Orcish Mines |   1169 |   1029 |    140 |      0 |    805 |   2 |  584.5 |
         Abyss |    345 |    345 |      0 |      0 |      7 |   2 |  172.5 |
               +--------+--------+--------+--------+--------+-----+--------+

Top non-repeatable levels by time:
  Lair:5: 1536 daAuts
     D:9: 1430 daAuts
  Lair:2: 1374 daAuts
  Lair:4: 1283 daAuts
  Lair:1: 1282 daAuts
     D:6: 1146 daAuts
     D:7: 1015 daAuts
Shoals:3: 982 daAuts
     D:5: 955 daAuts
  Lair:3: 940 daAuts
     D:1: 881 daAuts
   Orc:2: 821 daAuts
    D:10: 782 daAuts
    D:12: 678 daAuts
Shoals:2: 655 daAuts
